 Dungeon Crawl Stone Soup version 0.29-b1-12-g9e2288ab2a (webtiles) character file.

Game seed: 9883907928141848534

70 Zeldest the Insei (level 4, -6/45 HPs)
             Began as an Octopode Transmuter on Aug 24, 2022.
             Mangled by Sigmund
             ... wielding a +4 scythe of flaming
              (12 damage)
             ... on level 2 of the Dungeon.
             The game lasted 00:04:35 (905 turns).

Zeldest the Insei (Octopode Transmuter)              Turns: 905, Time: 00:04:35

Health: -6/45      AC: 22    Str:  9    XL:     4   Next: 21%
Magic:  7/7        EV:  2    Int: 17    God:
Gold:   94         SH:  0    Dex: 12    Spells: 4/7 levels left

rFire   . . .      SeeInvis .     - Unarmed
rCold   . . .      Faith    .   (no shield)
rNeg    . . .      Spirit   .   (helmet currently unavailable)
rPois   +          Reflect  .   (no amulet)
rElec   .          Harm     .   b - ring of flight
rCorr   .          Rampage  .   (no ring)
Will    .....      NoTele   +   (no ring)
Stlth   +.........              (no ring)
HPRegen 0.15/turn               (no ring)
MPRegen 0.10/turn               (no ring)
                                (no ring)
                                (no ring)

@: confused, tree-form, hasted, very quick
A: stationary, stasis, torment immunity, boosted hp, almost no armour,
(amphibious), 8 rings, (camouflage 1), (gelatinous body 1), (nimble swimmer 1),
(tentacles)
a: no special abilities


You were on level 2 of the Dungeon.
You were a tree.
You visited 1 branch of the dungeon, and saw 3 of its levels.

You collected 94 gold pieces.

Inventory:

Jewellery
 b - a ring of flight (left branch)
 i - a ring of fire
Scrolls
 c - a scroll of enchant weapon {unknown}
 d - a scroll of teleportation {unknown}
 e - a scroll of amnesia {unknown}
 f - a scroll of magic mapping {unknown}
 h - a scroll of blinking {unknown}
 j - a scroll of vulnerability {unknown}


   Skills:
 + Level 2.3 Fighting
 - Level 2.0 Dodging
 + Level 3.7 Unarmed Combat
 - Level 2.0 Spellcasting
 + Level 2.9 Transmutations


You had 4 spell levels left.
You knew the following spells:

 Your Spells              Type           Power      Damage    Failure   Level
a - Beastly Appendage     Tmut           22%        N/A       6%          1
b - Wereblood             Tmut           11%        N/A       9%          2

Your spell library contained the following spells:

 Spells                   Type           Power      Damage    Failure   Level
 Shock                    Conj/Air       4%         1d3       19%         1
 Spider Form              Tmut/Pois      6%         N/A       32%         3
 Swiftness                Air            1%         N/A       50%         3
 Ice Form                 Ice/Tmut       6%         N/A       71%         4
 Airstrike                Air            0%         2d(1-17)  88%         4


Dungeon Overview and Level Annotations

Branches:
Dungeon (3/15)

Altars:

Annotations:
D:2 Sigmund


Innate Abilities, Weirdness & Mutations

You are a tree.
Your roots penetrate the ground, keeping you stationary.
You cannot be teleported.
You are immune to unholy pain and torment.
Your maximum health is greatly increased.
You cannot wear most types of armour.
((You are amphibious.))
You can wear up to eight rings at the same time.
((Your skin changes colour to match your surroundings (Stealth+).))
((Your rubbery body absorbs attacks. (AC +1, EV +1)))
((You are camouflaged when in or above water. (Stealth+)))
((You have tentacles for arms and can constrict up to eight enemies at once.))


Message History

The grasping roots grab you! The grasping roots constrict you.
The roots grasp on you weakens, but your attempt to escape fails.
Sigmund closely misses you. The grasping roots constrict you.
You escape the roots grasp.
Sigmund hits you with a +4 scythe of flaming!
Sigmund burns you.
Really quaff the potion of lignification?
You turn into a tree.
Your roots penetrate the ground.
You hit Sigmund.
Sigmund is lightly wounded.
Sigmund hits you with a +4 scythe of flaming!
* * * LOW HITPOINT WARNING * * *
Sigmund burns you.
* * * LOW HITPOINT WARNING * * *
You barely miss Sigmund.
Sigmund is lightly wounded.
You closely miss Sigmund.
Sigmund is lightly wounded.
Sigmund casts a spell.
Sigmund flickers and vanishes!
You cannot move.
You cannot move.
You barely miss something.
You hear some strange, mumbled words.
A magic dart appears from out of thin air!
The magic dart hits you.
* * * LOW HITPOINT WARNING * * *
You hit something. Something hits you but does no damage.
You barely miss something.
You hear some strange, mumbled words.
You are confused.
It was a potion of magic.
Magic courses through your body. Something hits you but does no damage.
It was a potion of haste.
You feel yourself speed up.
You swing at nothing.
Something hits you but does no damage.
You swing at nothing.
You swing at nothing.
You closely miss something. Something hits you!
You die...

.........# ####
.........############
.........'..........#
.........##########.#
.........###..$.###.#
.........##......##†#
####
.........#.....[..†.#
#...
.....#####.......{#.#
#... .....#
#......♣.#.# #...
.....# #........#.#
#... .....
##......##.. #...
##....##### #...
###### ###. #. #. .
###. #.....#....#
#...


There were no monsters in sight!

Vanquished Creatures
  A gnoll (D:1)
  2 worms (D:2)
  A dart slug (D:2)
  3 endoplasms (D:1)
  11 giant cockroaches
  3 goblins (D:1)
  5 hobgoblins
  4 jackals
  3 kobolds
  3 ball pythons
  2 bats
  4 frilled lizards
  4 rats
46 creatures vanquished.

Notes
Turn   | Place    | Note
-------+----------+-------------------------------------------
     0 | D:1      | Zeldest the Octopode Transmuter began the quest for the
                  | Orb.
     0 | D:1      | Reached XP level 1. HP: 13/13 MP: 3/3
   309 | D:2      | Reached XP level 2. HP: 11/18 MP: 3/5
   321 | D:1      | Found a faded altar of an unknown god.
   339 | D:1      | Learned a level 2 spell: Wereblood
   383 | D:1      | Reached XP level 3. HP: 13/24 MP: 2/6
   868 | D:2      | Reached XP level 4. HP: 27/29 MP: 2/7
   887 | D:2      | Noticed Sigmund
   905 | D:2      | Mangled by Sigmund

Illustrated notes

Levels and vault maps discovered:
D:1:      minmay_arrival_plants_in_alcoves, layout_loops_ring,
          hellmonk_ecumenical_altar_arch_garden, hex_tiny
D:2:      minmay_roachtagon, layout_basic, uniq_sigmund
D:3:      layout_loops_corners, chequers_serial_rivers_small_b, uniq_natasha

Skill      XL: |  1  2  3 |
---------------+----------+-----
Fighting       | 2 |  2.3
Dodging        | |  2.0
Unarmed Combat | |  3.7
Spellcasting   | |  2.0
Transmutations | |  2.9

Action                   |  1- 3 |  4- 6 || total
-------------------------+-------+-------++-------
Melee: Unarmed           |    67 |    19 ||    86
       Constrict         |    19 |     4 ||    23
       Kick              |    20 |     4 ||    24
       Tentacles         |    12 |     4 ||    16
       Punch             |     2 |       ||     2
 Cast: Beastly Appendage |    15 |     1 ||    16
       Wereblood         |    10 |       ||    10
  Use: Potion            |       |     3 ||     3
 Stab: Sleeping          |     6 |       ||     6
Armor: Skin              |     3 |     4 ||     7
Dodge: Dodged            |    28 |     5 ||    33
